 Dungeon Crawl Stone Soup version 0.20-a0-731-gecde0bf (webtiles) character file.

47258 esteth the Black Belt (level 14, -7/139 HPs)
             Began as a Merfolk Transmuter on Feb 21, 2017.
             Was a High Priest of Wu Jian.
             Mangled by a torpor snail (18 damage)
             ... on level 6 of the Lair of Beasts on Feb 22, 2017.
             The game lasted 01:16:00 (22688 turns).

esteth the Black Belt (Merfolk Transmuter)         Turns: 22688, Time: 01:16:01

Health: -7/139     AC:  7    Str: 19    XL:     14   Next: 41%
Magic:  26/26      EV: 18    Int: 16    God:    Wu Jian [*****.]
Gold:   1004       SH:  0    Dex: 16    Spells: 17/29 levels left

rFire    x . .     SeeInvis .     - Unarmed
rCold    + + +     Gourm    +   (armour currently unavailable)
rNeg     . . .     Faith    .   (shield currently unavailable)
rPois    +         Spirit   .   (helmet currently unavailable)
rElec    .         Reflect  .   (cloak currently unavailable)
rCorr    .         Harm     .   (gloves currently unavailable)
MR       +....                  (boots currently unavailable)
Stlth    +.........             F - amulet of the gourmand
Regen    0.4/turn               K - +4 ring of strength
MPRegen  0.2/turn               M - +5 ring of strength

@: ice-form, hasted and slowed
A: (change form in water), (swift swim), (stealthy swim), agile 1, sense
surroundings 1, weak 1
a: End Transformation, Serpent's Lash, Heaven On Earth, Renounce Religion


You were on level 6 of the Lair of Beasts.
You worshipped Wu Jian.
Wu Jian was extremely pleased with you.
You were completely stuffed.
You were a creature of crystalline ice.
You visited 3 branches of the dungeon, and saw 18 of its levels.
You also visited: Sewer and Bailey.

You collected 1004 gold pieces.

Inventory:

Missiles
 g - 359 arrows (quivered)
Armour
 r - the +1 ring mail of Qazlal's Benevolence (melded) {rN+ Dex+3}
   (You found it on level 5 of the Dungeon)

   It affects your dexterity (+3).
   It protects you from negative energy.
 X - a +0 helmet (melded)
 Y - a +0 pair of boots (melded)
Jewellery
 a - an uncursed amulet of regeneration
 B - an uncursed amulet of rage
 F - an amulet of the gourmand (around neck)
 K - a +4 ring of strength (right front paw)
 L - an uncursed ring of wizardry
 M - a +5 ring of strength (left front paw)
 Q - an uncursed ring of ice
Wands
 s - a wand of polymorph (13/24)
 u - a wand of flame (14/48)
 v - a wand of flame (25/48)
 x - a wand of random effects (28/48)
 y - a wand of polymorph (5/24)
 A - a wand of disintegration (3/24)
 D - a wand of digging (4/24)
 I - a wand of paralysis (11/24)
 O - a wand of lightning (9/15)
 R - a wand of disintegration (8/24)
 U - a wand of enslavement (15/24)
 W - a wand of digging (12/24)
Scrolls
 e - 6 scrolls of identify
 h - 12 scrolls of remove curse
 i - 9 scrolls of teleportation
 j - 3 scrolls of fear
 m - 4 scrolls of amnesia
 p - 2 scrolls of enchant weapon
 E - 2 scrolls of magic mapping
 G - 2 scrolls of fog
 S - a scroll of recharging
Potions
 d - a potion of berserk rage
 k - 3 potions of curing
 l - 3 potions of mutation
 o - 2 potions of brilliance
 t - 2 potions of ambrosia
 z - 5 potions of lignification
 H - 2 potions of agility
 P - a potion of invisibility
 Z - a potion of haste
Books
 c - a book of Changes

   Spells                             Type                      Level
   a - Beastly Appendage              Transmutation                1
   b - Sticks to Snakes               Transmutation                2
   c - Spider Form                    Transmutation/Poison         3
   d - Ice Form                       Ice/Transmutation            4
   e - Blade Hands                    Transmutation                5
Miscellaneous
 f - a lightning rod (4/4)
Comestibles
 b - 3 chunks of flesh
 n - 10 fruits
 q - 9 royal jellies
 w - 10 bread rations
 C - 10 meat rations


   Skills:
 * Level 12.3 Fighting
 * Level 11.7 Dodging
 + Level 17.0 Unarmed Combat
 - Level 8.1 Spellcasting
 - Level 10.4 Transmutations
 - Level 4.1 Ice Magic


You had 17 spell levels left.
You knew the following spells:

 Your Spells              Type           Power        Failure   Level  Hunger
a - Beastly Appendage     Tmut           #####.       1%          1    None
b - Sticks to Snakes      Tmut           #####...     1%          2    None
c - Ice Form              Ice/Tmut       ####....     8%          4    ###....
d - Blade Hands           Tmut           #####.....   6%          5    #####..


Dungeon Overview and Level Annotations

Branches:
Dungeon (11/15)            Temple (1/1) D:4            Lair (6/6) D:8
  Swamp (0/4) Lair:4       Spider (0/4) Lair:2        Slime (0/5) Lair:5
    Orc (0/2) D:10

Altars:
Cheibriados
Dithmenos
Elyvilon
Fedhas
Gozag
Hepliaklqana
Kikubaaqudgha
Makhleb
Nemelex Xobeh
Okawaru
Qazlal
Ru
Sif Muna
Trog
Uskayaw
Vehumet
Wu Jian
Yredelemnul
Zin
The Shining One
Jiyva

Shops:
D:7 :

Annotations:
D:1 1 runed door
D:2 exclusions: upstairs and 1 more exclusion, Sigmund
D:3 Doomer's ghost, amateur DDEE
D:6 1 runed door, exclusions: centaur and 2 more exclusions
D:11 exclusion: hydra
Lair:1 exclusion: oklob plant
Lair:4 exclusion: oklob plant
Lair:6 1 runed door


Innate Abilities, Weirdness & Mutations

((You revert to your normal form in water.))
((You are very nimble and swift while swimming.))
((You are very stealthy in the water. (Stealth+)))
You are agile. (Dex +2)
You passively map a small area around you.
You are weak. (Str -2)


Message History

The tyrant leech is severely wounded.
You spin and attack the tyrant leech.
You pummel the tyrant leech!! You freeze the tyrant leech!
The tyrant leech is heavily wounded.
The tyrant leech bites you!
The tyrant leech draws strength from your injuries!
The tyrant leech bites you!
The tyrant leech draws strength from your injuries!
The tyrant leech bites you!
* * * LOW HITPOINT WARNING * * *
The tyrant leech draws strength from your injuries!
The tyrant leech completely misses you.
You feel yourself speed up.
Being near the torpor snail leaves you feeling lethargic.
Okay, then.
You feel yourself speed up. The tyrant leech bites you!!
* * * LOW HITPOINT WARNING * * *
The tyrant leech draws strength from your injuries!
The torpor snail bites you!!
You die...

#### ###### ##.#
#####....###
...#####..........##
.....##.....###.Yw?#
#.....#..#### ###w.#
###.....## #$...#
#.#....#### #.....#
##.#......####...##
##.#.......######
####....#...# #
#...### ... * #
*#...#.# . *


You could see a tyrant leech and a torpor snail.

Vanquished Creatures
  Kirke (Lair:4)
  Fannar (Lair:1)
  5 hydras
  A two-headed ogre (D:8)
  8 death yaks
  Nergalle (Lair:3)
  A lindwurm (Lair:6)
  2 unseen horrors
  A swamp dragon (Lair:4)
  Pikel (D:8)
  An ugly thing (D:11)
  A cyclops (D:11)
  9 elephants
  Joseph (D:7)
  4 black mambas
  9 spiny frogs
  3 torpor snails (Lair:6)
  A rime drake (Lair:6)
  5 komodo dragons
  The ghost of BenSoosneb the Jinx, a novice SpEn of Ieoh Jian (D:5)
  A polar bear (Lair:6)
  A tyrant leech (Lair:6)
  Prince Ribbit (D:6)
  4 hippogriffs
  5 hornets (Lair:6)
  A dream sheep (Lair:6)
  3 wyverns
  6 hogs (Lair:4)
  A tarantella (Lair:2)
  45 yaks
  Eustachio (D:6)
  A basilisk (Lair:3)
  Menkaure (D:5)
  5 swamp worms (Lair:4)
  6 water moccasins
  7 porcupines
  2 black bears
  5 orc warriors
  5 sky beasts
  3 slaves (D:8)
  3 ogres
  3 ice beasts
  2 necrophages
  5 phantoms
  An eye of draining (D:11)
  15 wolves
  11 centaurs
  13 crocodiles
  Blork the orc (D:4)
  4 big kobolds
  14 bullfrogs
  Dowan (D:6)
  A wyvern skeleton (D:11)
  A troll zombie (D:10)
  A water moccasin skeleton (D:9)
  4 scorpions
  14 killer bees
  2 vampire bats (D:7)
  An electric eel (Lair:4)
  A howler monkey (D:8)
  A centaur zombie (D:11)
  8 hounds
  5 orc priests
  6 jellies
  5 orc wizards
  3 bullfrog skeletons
  A gnoll shaman (D:7)
  2 iguanas (D:9)
  Jessica (D:8)
  4 hell rats (Lair:4)
  4 worker ants
  7 ogre zombies (D:10)
  A hound zombie (D:5)
  A hound skeleton (D:4)
  A mummy (D:8)
  A howler monkey zombie (D:8)
  7 adders
  3 gnolls (D:7)
  A howler monkey skeleton (D:8)
  A shadow imp (D:11)
  7 oozes
  2 adder skeletons
  An adder zombie (D:7)
  5 worms
  A dart slug (D:1)
  6 leopard geckos
  21 orcs
  7 bats
  4 giant cockroaches
  8 goblins
  9 hobgoblins
  7 jackals
  3 quokkas
  6 ball pythons
  3 frilled lizards
  2 goblin skeletons (D:10)
  4 goblin zombies (D:10)
  8 hobgoblin zombies
  16 kobolds
  A leopard gecko skeleton (D:6)
  3 orc skeletons (D:10)
  12 orc zombies
  5 rats
463 creatures vanquished.

Vanquished Creatures (collateral kills)
  Edmund (D:5)
  Duvessa (D:6)
  2 ogres (D:5)
  A centaur (D:5)
  3 big kobolds
  A bullfrog (D:6)
  3 killer bees (D:8)
  A hound (D:6)
  An orc wizard (D:8)
  A gnoll (D:7)
  2 worms (Sewer)
  2 orcs (D:4)
  6 kobolds (D:6)
25 creatures vanquished.

Vanquished Creatures (others)
  A human (Lair:4)
  A slave (D:8)
  An orc priest (D:8)
  An orc (D:8)
  2 fungi
  13 plants (Lair:6)
19 creatures vanquished.

Grand Total: 507 creatures vanquished

Notes
Turn   | Place    | Note
-------+----------+-------------------------------------------
     0 | D:1      | esteth the Merfolk Transmuter began the quest for the Orb.
     0 | D:1      | Reached XP level 1. HP: 15/15 MP: 3/3
     1 | D:1      | Found a runed door.
   144 | D:1      | Reached XP level 2. HP: 5/21 MP: 3/5
   149 | D:1      | Reached skill level 4 in Unarmed Combat
   366 | D:1      | Learned a level 2 spell: Sticks to Snakes
   829 | D:1      | Reached XP level 3. HP: 25/26 MP: 6/6
  1662 | D:2      | Noticed Sigmund
  2044 | D:3      | Reached XP level 4. HP: 23/32 MP: 7/7
  2246 | D:3      | Found a sparkling altar of Nemelex Xobeh.
  2297 | D:3      | Found a glowing drain.
  2306 | Sewer    | Entered a sewer
  2415 | Sewer    | Noticed a big kobold
  2437 | Sewer    | Killed a big kobold
  2437 | Sewer    | Reached XP level 5. HP: 20/39 MP: 4/8
  2955 | Sewer    | Noticed a big kobold
  2972 | Sewer    | Killed a big kobold
  3165 | Sewer    | Noticed a big kobold
  3182 | Sewer    | Killed a big kobold
  3182 | Sewer    | Reached XP level 6. HP: 49/49 MP: 3/9
  3270 | Sewer    | Reached skill level 5 in Fighting
  3458 | Sewer    | Reached skill level 5 in Transmutations
  3590 | Sewer    | Learned a level 4 spell: Ice Form
  3626 | D:3      | Noticed Doomer's ghost (amateur DDEE)
  3821 | D:4      | Reached XP level 7. HP: 51/56 MP: 10/10
  3991 | D:4      | Noticed Blork the orc
  4007 | D:4      | Killed Blork the orc
  4626 | D:4      | Found a staircase to the Ecumenical Temple.
  4635 | Temple   | Entered the Ecumenical Temple
  4655 | Temple   | Became a worshipper of the Wu Jian Council
  4794 | D:5      | Entered Level 5 of the Dungeon
  4794 | D:5      | Noticed Menkaure
  4803 | D:5      | Killed Menkaure
  4905 | D:5      | Reached XP level 8. HP: 62/62 MP: 6/11
  5071 | D:5      | Got a smoking ring mail
  5072 | D:5      | Identified the cursed +1 ring mail of Qazlal's Benevolence {rN+ Dex+3} (You found it on level 5 of the Dungeon)
  5191 | D:5      | Noticed Edmund
  5229 | D:5      | Noticed BenSoosneb's ghost (novice SpEn)
  5237 | D:5      | Killed Edmund
  5257 | D:5      | Killed BenSoosneb's ghost
  6040 | D:6      | Found a runed door.
  6088 | D:6      | Noticed Duvessa
  6091 | D:6      | Noticed Dowan
  6099 | D:6      | Killed Duvessa
  6105 | D:6      | Killed Dowan
  6307 | D:6      | Found a white marble altar of Elyvilon.
  6377 | D:6      | Learned a level 5 spell: Blade Hands
  6564 | D:6      | Noticed Eustachio
  6582 | D:6      | Killed Eustachio
  6582 | D:6      | Reached skill level 10 in Transmutations
  6582 | D:6      | Reached XP level 9. HP: 65/68 MP: 6/14
  6685 | D:6      | Noticed Prince Ribbit
  6691 | D:6      | Killed Prince Ribbit
  7125 | D:6      | Reached skill level 5 in Dodging
  7125 | D:6      | Reached skill level 5 in Unarmed Combat
  7242 | D:7      | Found Yriockycots's Book Boutique.
  7432 | D:7      | Reached * piety under Wu Jian
  7606 | D:7      | Reached skill level 6 in Unarmed Combat
  7792 | D:7      | Noticed Joseph
  7809 | D:7      | Killed Joseph
  7809 | D:7      | Reached skill level 7 in Unarmed Combat
  8340 | D:8      | Reached skill level 8 in Unarmed Combat
  8340 | D:8      | Reached XP level 10. HP: 24/74 MP: 11/15
  8473 | D:8      | Found a flagged portal.
  8511 | Bailey   | Entered a bailey
  8511 | Bailey   | Noticed an orc knight
  8517 | Bailey   | Noticed an orc knight
  8593 | D:8      | Reached skill level 9 in Unarmed Combat
  8597 | D:8      | Noticed Pikel
  8603 | D:8      | Killed Pikel
  8628 | D:8      | Found a staircase to the Lair.
  8708 | D:8      | Reached skill level 10 in Unarmed Combat
  8818 | D:8      | Reached ** piety under Wu Jian
  8842 | D:8      | Found a sparkling altar of Nemelex Xobeh.
  8937 | D:8      | Noticed a two-headed ogre
  8951 | D:8      | Killed a two-headed ogre
  9434 | D:8      | Noticed Jessica
  9442 | D:8      | Killed Jessica
  9446 | D:8      | Found a deep blue altar of Sif Muna.
  9636 | D:9      | Gained mutation: You passively map a small area around you. [potion of mutation]
  9636 | D:9      | Gained mutation: You are weak. (Str -2) [potion of mutation]
  9636 | D:9      | Gained mutation: You are agile. (Dex +2) [potion of mutation]
 10050 | D:9      | Upgraded the game from 0.20-a0-709-gd40821f to 0.20-a0-731-gecde0bf
 10578 | D:10     | Entered Level 10 of the Dungeon
 10635 | D:10     | Reached *** piety under Wu Jian
 10676 | D:10     | Found a staircase to the Orcish Mines.
 10676 | D:10     | Reached XP level 11. HP: 87/87 MP: 17/17
 10731 | D:10     | Reached **** piety under Wu Jian
 10862 | D:10     | Reached skill level 5 in Spellcasting
 11356 | D:10     | Killed an unseen horror
 11503 | D:10     | Reached skill level 11 in Unarmed Combat
 11793 | D:10     | You fall through a shaft!
 11847 | D:11     | Noticed a cyclops
 11900 | D:11     | Killed a cyclops
 12077 | D:11     | Reached skill level 12 in Unarmed Combat
 12197 | D:11     | Reached ***** piety under Wu Jian
 12274 | D:11     | Noticed a white ugly thing
 12281 | D:11     | Killed a white ugly thing
 12462 | D:11     | Killed an unseen horror
 12462 | D:11     | Reached skill level 13 in Unarmed Combat
 12539 | D:11     | Reached XP level 12. HP: 93/93 MP: 21/21
 12694 | D:11     | Noticed a five-headed hydra
 13208 | Lair:1   | Entered Level 1 of the Lair of Beasts
 13569 | Lair:1   | Noticed Fannar
 13584 | Lair:1   | Killed Fannar
 13704 | Lair:1   | Reached skill level 14 in Unarmed Combat
 15168 | Lair:2   | Found a hole to the Spider Nest.
 15330 | Lair:2   | Noticed an eight-headed hydra
 15334 | Lair:2   | Killed an eight-headed hydra
 15757 | Lair:2   | Reached skill level 10 in Fighting
 16366 | Lair:3   | Noticed Nergalle
 16374 | Lair:3   | Killed Nergalle
 16612 | Lair:3   | Found a bloodstained altar of Trog.
 17196 | Lair:4   | Noticed a death yak
 17196 | Lair:4   | Noticed a death yak
 17196 | Lair:4   | Noticed a death yak
 17196 | Lair:4   | Noticed a death yak
 17204 | Lair:3   | Killed a death yak
 17205 | Lair:3   | Killed a death yak
 17205 | Lair:3   | Killed a death yak
 17375 | Lair:4   | Noticed Kirke
 17385 | Lair:4   | Reached XP level 13. HP: 25/105 MP: 3/22
 17393 | Lair:4   | Reached skill level 15 in Unarmed Combat
 17398 | Lair:4   | Killed Kirke
 17757 | Lair:4   | Found a blossoming altar of Fedhas.
 18319 | Lair:4   | Reached skill level 10 in Dodging
 19088 | Lair:4   | Reached ****** piety under Wu Jian
 19125 | Lair:4   | HP: 5/108 [poison (poison gas)]
 19131 | Lair:4   | HP: 5/108 [poison (poison gas)]
 19139 | Lair:4   | HP: 5/108 [poison (poison gas)]
 19206 | Lair:4   | HP: 5/108 [porcupine's spines (10)]
 19588 | Lair:4   | Found a staircase to the Swamp.
 20164 | Lair:5   | Found a bloodstained altar of Trog.
 20404 | Lair:5   | Found a viscous altar of Jiyva.
 20404 | Lair:5   | Found a staircase to the Slime Pits.
 20828 | Lair:6   | Entered Level 6 of the Lair of Beasts
 20838 | Lair:6   | Reached XP level 14. HP: 31/115 MP: 22/26
 21303 | Lair:6   | Reached skill level 16 in Unarmed Combat
 22394 | Lair:6   | Reached skill level 17 in Unarmed Combat
 22637 | Lair:6   | Found a runed door.
 22688 | Lair:6   | Mangled by a torpor snail

Vault maps used:
D:1:      dpeg_arrival_caged_fury
D:2:      grunt_ministairs_10, minmay_misc_feat_iff, uniq_sigmund
D:3:      evilmike_ruin_ashenzari, nicolae_overflow_crystal_walls,
          lightli_sewer_entry_pipes, nemelex_xobeh_ov_fountains_minmay
D:4:      minmay_temple_entry_poolview, minivault_25, uniq_blork_the_orc
D:5:      first_bread, uniq_menkaure, uniq_edmund
D:6:      lemuel_round_altar, centaur_isle, uniq_crazy_yiuf_cottage,
          uniq_eustachio, uniq_duvessa, uniq_prince_ribbit1
D:7:      serial_shops, shop, grunt_ogre_cave, roderic_batcave,
          kennysheep_cluttered_room, uniq_joseph
D:8:      tgw_sif, lair_entry_dummy, enter_bailey_3, basic_altar,
          minmay_mini_ossuary, uniq_pikel
D:10:     zombieorc2_lemuel
Temple:   compressed_dpeg_circular_temple
Lair:1:   minmay_lair_oklob_bushes, uniq_fannar
Lair:2:   spider_nest_entry_rubble, minivault_23, serial_bayou_ford_a
Lair:3:   basic_altar, uniq_nergalle
Lair:4:   beast_lair_carwin_large_1, nicolae_swamp_entry_splash_gauntlet,
          tgw_fedhas, uniq_kirke
Lair:5:   dpeg_slime_entry_enclosed_altar, basic_altar
Lair:6:   wormcave, serial_bayou_shore_b
Sewer:    sewer_co_tree
Bailey:   bailey_polearm_4, bailey

Skill      XL: |  1  2  3  4  5  6  7  8  9 10 11 12 13 14 |
---------------+-------------------------------------------+-----
Unarmed Combat | 4 8 10 13 14 15 17 | 17.0
Transmutations | 3 4 5 6 10 | 10.4
Dodging        | 3 4 7 8 11 | 11.7
Fighting       | 2 4 5 8 11 12 | 12.3
Ice Magic      | 4 |  4.1
Spellcasting   | 3 4 6 8 |  8.1

Action                   |  1- 3 |  4- 6 |  7- 9 | 10-12 | 13-15 || total
-------------------------+-------+-------+-------+-------+-------++-------
Melee: Unarmed           |   115 |   181 |   418 |   781 |   400 ||  1895
       Headbutt          |     4 |     5 |       |       |       ||     9
       Punch             |     1 |     3 |     9 |    41 |    40 ||    94
       Tailslap          |       |    24 |       |       |       ||    24
 Cast: Beastly Appendage |     4 |     4 |       |       |       ||     8
       Sticks to Snakes  |       |    12 |    37 |     9 |       ||    58
       Blade Hands       |       |       |     5 |    27 |     4 ||    36
       Ice Form          |       |       |     2 |     6 |    11 ||    19
Invok: Heaven On Earth   |       |       |       |       |     1 ||     1
  Use: Scroll            |       |     1 |    13 |     7 |     2 ||    23
       Potion            |       |       |     1 |    19 |     5 ||    25
 Stab: Sleeping          |     2 |     1 |     3 |     1 |       ||     7
       Distracted        |       |     1 |     5 |     1 |     1 ||     8
  Eat: Chunk             |     2 |     2 |    16 |    51 |    21 ||    92
       Bread ration      |     1 |       |       |       |       ||     1
       Royal jelly       |       |     1 |       |       |       ||     1
       Fruit             |       |       |     1 |     2 |       ||     3
Armor: Robe              |    13 |    18 |    47 |    35 |       ||   113
       Skin              |       |       |     5 |     2 |     6 ||    13
       Ring mail         |       |       |       |    26 |    31 ||    57
Dodge: Dodged            |    73 |    93 |   252 |   454 |   230 ||  1102
